TOP OF THE 1ST |
Los Angeles (NYP) Dodgers batting - Pitching for Boise Hawks : RHP Matt Morales
|
Pitching: RHP Matt Morales
|
|
Batting: LHB Bobby Gambrell
|
0-0: Called Strike 0-1: Ball 1-1: Ball 2-1: Ground out 6-3 (Groundball, 6, EV 82.5 MPH)
|
Batting: RHB Adam Maczko
|
0-0: Ball 1-0: Foul Ball, location: 2F 1-1: Foul Ball, location: 2F 1-2: Ball 2-2: Foul Ball, location: 2F 2-2: Ball 3-2: Foul Ball, location: 2F 3-2: Base on Balls
|
Batting: RHB Tommy Hunter
|
0-0: Ball 1-0: Fly out, F8 (Flyball, 78XD, EV 93.1 MPH)
|
Batting: RHB Juan Gallegos
|
0-0: Fielders Choice at 2nd, 6-4 (Groundball, 6MD, EV 83.1 MPH)
|
Top of the 1st over - 0 runs, 0 hits, 0 errors, 1 left on base; Los Angeles (NYP) 0 - Boise 0 |
BOTTOM OF THE 1ST |
Boise Hawks batting - Pitching for Los Angeles (NYP) Dodgers : RHP Junzo Fujii
|
Pitching: RHP Junzo Fujii
|
|
Batting: LHB Georges Lambert
|
0-0: Called Strike 0-1: Foul Ball, location: 2F 0-2: Strikes out swinging
|
Batting: SHB Brad Madden
|
0-0: Called Strike 0-1: Ground out 4-3 (Groundball, 4, EV 87.5 MPH)
|
Batting: SHB Chris Besselman
|
0-0: Called Strike 0-1: DOUBLE (Line Drive, 89D, EV 106.9 MPH)
|
Batting: RHB Wali Mulogo
|
0-0: Foul Ball, location: 2F 0-1: Ball 1-1: Foul Ball, location: 2F 1-2: Ball Wild Pitch! Chris Besselman to third 2-2: SINGLE (Line Drive, 8RS, EV 96.9 MPH) Chris Besselman scores
|
Batting: LHB Jason Ryan
|
0-0: Ball 1-0: Ball 2-0: Ground out 4-3 (Groundball, 34, EV 85.0 MPH)
|
Bottom of the 1st over - 1 run, 2 hits, 0 errors, 1 left on base; Los Angeles (NYP) 0 - Boise 1 |
TOP OF THE 2ND |
Los Angeles (NYP) Dodgers batting - Pitching for Boise Hawks : RHP Matt Morales
|
Batting: LHB Fernão Manta
|
0-0: Hit by Pitch
|
Batting: RHB Brad Brady
|
0-0: Ball 1-0: Ball 2-0: Ball 3-0: Base on Balls Fernão Manta to second
|
Batting: RHB Bob Magana
|
0-0: Called Strike 0-1: Ball 1-1: Foul Ball, location: 2F 1-2: Ball 2-2: Grounds into double play, 6-4-3 (Groundball, 6, EV 93.1 MPH) Fernão Manta to third
|
Batting: SHB Josh Vaill
|
0-0: Ball 1-0: Foul Ball, location: 2F 1-1: SINGLE (Line Drive, 4D, EV 93.8 MPH) Fernão Manta scores
|
Batting: RHB Chad Rojas
|
0-0: Fly out, F8 (Line Drive, 8LD, EV 93.1 MPH)
|
Top of the 2nd over - 1 run, 1 hit, 0 errors, 1 left on base; Los Angeles (NYP) 1 - Boise 1 |
BOTTOM OF THE 2ND |
Boise Hawks batting - Pitching for Los Angeles (NYP) Dodgers : RHP Junzo Fujii
|
Batting: RHB Ryan Ward
|
0-0: Foul Ball, location: 2F 0-1: Ball 1-1: SINGLE (Groundball, 4MS, EV 73.8 MPH) (infield hit)
|
Batting: RHB Seisaburo Edagawa
|
0-0: Ball Wild Pitch! Ryan Ward to second 1-0: Ball 2-0: Called Strike 2-1: Fly out, F9 (Line Drive, 9LM, EV 88.8 MPH)
|
Batting: RHB Bob Hayes
|
0-0: Ball 1-0: Called Strike 1-1: Fly out, F9 (Flyball, 9D, EV 89.4 MPH) Runner from 2nd tags up, SAFE at 3rd, no throw by RF
|
Batting: RHB Aaron Burnet
|
0-0: Ball 1-0: Ball 2-0: Ground out 4-3 (Groundball, 4, EV 88.1 MPH)
|
Bottom of the 2nd over - 0 runs, 1 hit, 0 errors, 1 left on base; Los Angeles (NYP) 1 - Boise 1 |
TOP OF THE 3RD |
Los Angeles (NYP) Dodgers batting - Pitching for Boise Hawks : RHP Matt Morales
|
Batting: LHB Bobby Gambrell
|
0-0: Ball 1-0: SINGLE (Groundball, 4M, EV 101.2 MPH) (infield hit)
|
Batting: RHB Adam Maczko
|
0-0: Grounds into double play, 6-4-3 (Groundball, 6, EV 87.5 MPH)
|
Batting: RHB Tommy Hunter
|
0-0: Ground out 6-3 (Groundball, 6, EV 105.6 MPH)
|
Top of the 3rd over - 0 runs, 1 hit, 0 errors, 0 left on base; Los Angeles (NYP) 1 - Boise 1 |
BOTTOM OF THE 3RD |
Boise Hawks batting - Pitching for Los Angeles (NYP) Dodgers : RHP Junzo Fujii
|
Batting: LHB Georges Lambert
|
0-0: Ball 1-0: Ball 2-0: Swinging Strike 2-1: Foul Ball, location: 2F 2-2: Ball 3-2: Strikes out swinging
|
Batting: SHB Brad Madden
|
0-0: Ball 1-0: Hit by Pitch
|
Batting: SHB Chris Besselman
|
0-0: Foul Ball, location: 2F 0-1: Ball 1-1: Ball 2-1: Swinging Strike 2-2: Ball Balk! Brad Madden to second 3-2: Foul Ball, location: 2F 3-2: Foul Ball, location: 2F 3-2: Fly out, F8 (Line Drive, 8LD, EV 84.4 MPH)
|
Batting: RHB Wali Mulogo
|
0-0: Ball 1-0: Foul Ball, location: 2F 1-1: Ball 2-1: Ball 3-1: Ground out 5-3 (Groundball, 56, EV 83.1 MPH)
|
Bottom of the 3rd over - 0 runs, 0 hits, 0 errors, 1 left on base; Los Angeles (NYP) 1 - Boise 1 |
TOP OF THE 4TH |
Los Angeles (NYP) Dodgers batting - Pitching for Boise Hawks : RHP Matt Morales
|
Batting: RHB Juan Gallegos
|
0-0: Ball 1-0: Ball 2-0: Called Strike 2-1: Fly out, F8 (Line Drive, 8RM, EV 95.6 MPH)
|
Batting: LHB Fernão Manta
|
0-0: Ball 1-0: Ball 2-0: Ball 3-0: Called Strike 3-1: Foul Ball, location: 2F 3-2: Fly out, F9 (Flyball, 89D, EV 88.8 MPH)
|
Batting: RHB Brad Brady
|
0-0: SINGLE (Groundball, P, EV 89.4 MPH) (infield hit)
|
Batting: RHB Bob Magana
|
Pickoff Throw to First - Out! 1-3 CS
|
Top of the 4th over - 0 runs, 1 hit, 0 errors, 0 left on base; Los Angeles (NYP) 1 - Boise 1 |
BOTTOM OF THE 4TH |
Boise Hawks batting - Pitching for Los Angeles (NYP) Dodgers : RHP Junzo Fujii
|
Batting: LHB Jason Ryan
|
0-0: SINGLE (Line Drive, 8LS, EV 93.1 MPH)
|
Batting: RHB Ryan Ward
|
0-0: Called Strike 0-1: Foul Ball, location: 2F 0-2: Ball 1-2: Fly out, F8 (Line Drive, 8LD, EV 91.9 MPH)
|
Batting: RHB Seisaburo Edagawa
|
0-0: Called Strike 0-1: Swinging Strike 0-2: Strikes out swinging
|
Batting: RHB Bob Hayes
|
0-0: Called Strike 0-1: Foul Ball, location: 2F 0-2: Ball 1-2: Ball Wild Pitch! Jason Ryan to second 2-2: Ground out U3 (Groundball, 34S, EV 86.2 MPH)
|
Bottom of the 4th over - 0 runs, 1 hit, 0 errors, 1 left on base; Los Angeles (NYP) 1 - Boise 1 |
TOP OF THE 5TH |
Los Angeles (NYP) Dodgers batting - Pitching for Boise Hawks : RHP Matt Morales
|
Batting: RHB Bob Magana
|
0-0: Ball 1-0: Ground out 5-3 (Groundball, 56, EV 85.6 MPH)
|
Batting: SHB Josh Vaill
|
0-0: Fly out, F9 (Line Drive, 9, EV 104.4 MPH)
|
Batting: RHB Chad Rojas
|
0-0: Foul Ball, location: 2F 0-1: Ground out 3-1 (Groundball, 34, EV 94.4 MPH)
|
Top of the 5th over - 0 runs, 0 hits, 0 errors, 0 left on base; Los Angeles (NYP) 1 - Boise 1 |
BOTTOM OF THE 5TH |
Boise Hawks batting - Pitching for Los Angeles (NYP) Dodgers : RHP Junzo Fujii
|
Batting: RHB Aaron Burnet
|
0-0: Ball 1-0: Ball 2-0: Swinging Strike 2-1: Called Strike 2-2: Foul Ball, location: 2F 2-2: Ground out 4-3 (Groundball, 4M, EV 106.2 MPH)
|
Batting: LHB Georges Lambert
|
0-0: Called Strike 0-1: Ball 1-1: Ground out 4-3 (Groundball, 34, EV 82.5 MPH)
|
Batting: SHB Brad Madden
|
0-0: Foul Ball, location: 2F 0-1: Reached via error on a dropped throw from 2B, E3 (Groundball, 4, EV 103.1 MPH)
|
Batting: SHB Chris Besselman
|
0-0: Called Strike 0-1: Fielders Choice at 2nd, U6 (Groundball, 4M, EV 106.2 MPH)
|
Bottom of the 5th over - 0 runs, 0 hits, 1 error, 1 left on base; Los Angeles (NYP) 1 - Boise 1 |
TOP OF THE 6TH |
Los Angeles (NYP) Dodgers batting - Pitching for Boise Hawks : RHP Matt Morales
|
Batting: LHB Bobby Gambrell
|
0-0: Foul Ball, location: 2F 0-1: Ball 1-1: Ball 2-1: SOLO HOME RUN (Flyball, 7LD, EV 98.1 MPH), Distance : 371 ft
|
Batting: RHB Adam Maczko
|
0-0: Ball 1-0: Ball 2-0: Called Strike 2-1: Foul Ball, location: 2F 2-2: Ground out 6-3 (Groundball, 6, EV 103.8 MPH)
|
Batting: RHB Tommy Hunter
|
0-0: Ball 1-0: Swinging Strike 1-1: Foul Ball, location: 2F 1-2: Foul Ball, location: 2F 1-2: Ball 2-2: SINGLE (Line Drive, 8LS, EV 94.4 MPH)
|
Batting: RHB Juan Gallegos
|
0-0: Called Strike 0-1: Foul Ball, location: 2F 0-2: Foul Ball, location: 2F 0-2: Ball 1-2: Foul Ball, location: 2F 1-2: Grounds into double play, 5-4-3 (Groundball, 5, EV 92.5 MPH)
|
Top of the 6th over - 1 run, 2 hits, 0 errors, 0 left on base; Los Angeles (NYP) 2 - Boise 1 |
BOTTOM OF THE 6TH |
Boise Hawks batting - Pitching for Los Angeles (NYP) Dodgers : RHP Junzo Fujii
|
Batting: RHB Wali Mulogo
|
0-0: Ball 1-0: Fly out, F8 (Line Drive, 8RD, EV 90.6 MPH)
|
Batting: LHB Jason Ryan
|
0-0: Ball 1-0: Ground out 4-3 (Groundball, 4, EV 108.1 MPH)
|
Batting: RHB Ryan Ward
|
0-0: Ball 1-0: Ball 2-0: Called Strike 2-1: Ball 3-1: Called Strike 3-2: Foul Ball, location: 2F 3-2: Base on Balls
|
Batting: RHB Seisaburo Edagawa
|
0-0: Swinging Strike 0-1: Swinging Strike 0-2: Ball 1-2: Foul Ball, location: 2F 1-2: Foul Ball, location: 2F 1-2: Ground out 4-3 (Groundball, 4, EV 78.8 MPH)
|
Bottom of the 6th over - 0 runs, 0 hits, 0 errors, 1 left on base; Los Angeles (NYP) 2 - Boise 1 |
TOP OF THE 7TH |
Los Angeles (NYP) Dodgers batting - Pitching for Boise Hawks : RHP Matt Morales
|
Batting: LHB Fernão Manta
|
0-0: Ball 1-0: Ball 2-0: Foul Ball, location: 2F 2-1: Foul Ball, location: 2F 2-2: Hit by Pitch
|
Pitching: RHP Logan Ramsey
|
|
Batting: RHB Brad Brady
|
0-0: Ball 1-0: Ball 2-0: Foul Ball, location: 2F 2-1: Called Strike 2-2: Ball 3-2: Foul Ball, location: 2F 3-2: Base on Balls Fernão Manta to second
|
Batting: RHB Bob Magana
|
0-0: Ball 1-0: Ball 2-0: Ball 3-0: Base on Balls Fernão Manta to third Brad Brady to second
|
Batting: SHB Josh Vaill
|
0-0: Swinging Strike 0-1: SINGLE (Groundball, 56D, EV 99.4 MPH) Fernão Manta scores Brad Brady to third Bob Magana to second
|
Batting: RHB Chad Rojas
|
0-0: Ball 1-0: Swinging Strike 1-1: Ball 2-1: SINGLE (Line Drive, 7LS, EV 96.9 MPH) Brad Brady scores Bob Magana to third Josh Vaill to second
|
Batting: LHB Bobby Gambrell
|
0-0: Called Strike 0-1: Called Strike 0-2: Strikes out swinging
|
Batting: RHB Adam Maczko
|
0-0: Called Strike 0-1: Ball 1-1: Ball 2-1: Foul Ball, location: 2F 2-2: Foul Ball, location: 2F 2-2: Ball 3-2: Base on Balls Bob Magana scores Josh Vaill to third Chad Rojas to second
|
Batting: RHB Tommy Hunter
|
0-0: Ball 1-0: Ball 2-0: Called Strike 2-1: Ball 3-1: Base on Balls Josh Vaill scores Chad Rojas to third Adam Maczko to second
|
Pitching: RHP Kevin LeRette
|
|
Batting: RHB Juan Gallegos
|
0-0: GRAND SLAM HOME RUN (Flyball, 7D, EV 96.2 MPH), Distance : 373 ft
|
Batting: LHB Fernão Manta
|
0-0: Ball 1-0: Ball 2-0: Ball 3-0: Called Strike 3-1: Foul Ball, location: 2F 3-2: Foul Ball, location: 2F 3-2: Base on Balls
|
Batting: RHB Brad Brady
|
0-0: Called Strike 0-1: Fly out, F8 (Flyball, 89D, EV 88.8 MPH)
|
Batting: RHB Bob Magana
|
0-0: Called Strike 0-1: Foul Ball, location: 2F 0-2: Fly out, F8 (Line Drive, 8LD, EV 106.9 MPH)
|
Top of the 7th over - 8 runs, 3 hits, 0 errors, 1 left on base; Los Angeles (NYP) 10 - Boise 1 |
BOTTOM OF THE 7TH |
Boise Hawks batting - Pitching for Los Angeles (NYP) Dodgers : RHP Junzo Fujii
|
Pitching: RHP Alfredo Sanchez
|
|
Batting: RHB Bob Hayes
|
0-0: Ball 1-0: Swinging Strike 1-1: Called Strike 1-2: Ball 2-2: Strikes out looking
|
Pinch Hitting: RHB Dan Hoffman
|
0-0: Ball 1-0: Swinging Strike 1-1: Swinging Strike 1-2: Ball 2-2: Foul Ball, location: 2F 2-2: Ball 3-2: Base on Balls
|
Batting: LHB Georges Lambert
|
0-0: Called Strike 0-1: Foul Ball, location: 2F 0-2: Hit by Pitch Dan Hoffman to second
|
Batting: SHB Brad Madden
|
0-0: Ball 1-0: Called Strike 1-1: Foul Ball, location: 2F 1-2: Ball 2-2: Foul Ball, location: 2F 2-2: Ball 3-2: Base on Balls Dan Hoffman to third Georges Lambert to second
|
Pitching: RHP Angel Rivas
|
|
Batting: SHB Chris Besselman
|
0-0: Ball 1-0: Called Strike 1-1: Swinging Strike 1-2: SINGLE (Groundball, 4M, EV 101.9 MPH) (infield hit) Dan Hoffman scores Georges Lambert to third Brad Madden to second
|
Batting: RHB Wali Mulogo
|
0-0: Ball Wild Pitch! Georges Lambert scores Brad Madden to third Chris Besselman to second 1-0: 3-RUN HOME RUN (Flyball, 78XD, EV 105.0 MPH), Distance : 421 ft
|
Batting: LHB Jason Ryan
|
0-0: Ball 1-0: Ball 2-0: SINGLE (Groundball, 34S, EV 71.9 MPH) (infield hit)
|
Batting: RHB Ryan Ward
|
0-0: Called Strike 0-1: Foul Ball, location: 2F 0-2: Ball 1-2: Ball 2-2: Ball 3-2: Strikes out looking
|
Batting: RHB Seisaburo Edagawa
|
0-0: Ball 1-0: Foul Ball, location: 2F 1-1: Ball 2-1: Fielders Choice at 2nd, U6 (Groundball, 6M, EV 103.8 MPH)
|
Bottom of the 7th over - 5 runs, 3 hits, 0 errors, 1 left on base; Los Angeles (NYP) 10 - Boise 6 |
TOP OF THE 8TH |
Los Angeles (NYP) Dodgers batting - Pitching for Boise Hawks : RHP Kevin LeRette
|
Now in CF: Oscar Barahona
|
|
Batting: SHB Josh Vaill
|
0-0: Ball 1-0: Ball 2-0: Swinging Strike 2-1: Called Strike 2-2: Foul Ball, location: 2F 2-2: Ball 3-2: Base on Balls
|
Batting: RHB Chad Rojas
|
0-0: Swinging Strike Josh Vaill steals 2nd base 0-1: TRIPLE (Line Drive, 9D, EV 111.9 MPH) Josh Vaill scores
|
Batting: LHB Bobby Gambrell
|
0-0: Foul Ball, location: 2F 0-1: Foul Ball, location: 2F 0-2: Ball 1-2: Foul Ball, location: 2F 1-2: Ball 2-2: Fly out, F6 (Line Drive, 6M, EV 67.5 MPH)
|
Batting: RHB Adam Maczko
|
0-0: Ball 1-0: Ball 2-0: Ground out 5-3 (Groundball, 56S, EV 70.0 MPH) Chad Rojas scores
|
Batting: RHB Tommy Hunter
|
0-0: Foul Ball, location: 2F 0-1: SINGLE (Groundball, 6D, EV 96.2 MPH)
|
Batting: RHB Juan Gallegos
|
0-0: Ball 1-0: Swinging Strike 1-1: Called Strike 1-2: Ground out 4-3 (Groundball, 34, EV 83.1 MPH)
|
Top of the 8th over - 2 runs, 2 hits, 0 errors, 1 left on base; Los Angeles (NYP) 12 - Boise 6 |
BOTTOM OF THE 8TH |
Boise Hawks batting - Pitching for Los Angeles (NYP) Dodgers : RHP Angel Rivas
|
Batting: RHB Bob Hayes
|
0-0: Foul Ball, location: 2F 0-1: Ball 1-1: Swinging Strike 1-2: Foul Ball, location: 2F 1-2: Ball 2-2: Strikes out swinging
|
Batting: SHB Oscar Barahona
|
0-0: Ball 1-0: Ground out 6-3 (Groundball, 6D, EV 87.5 MPH)
|
Batting: LHB Georges Lambert
|
0-0: Ball 1-0: Foul Ball, location: 2F 1-1: Ball 2-1: Foul Ball, location: 2F 2-2: Ball 3-2: Base on Balls
|
Batting: SHB Brad Madden
|
0-0: Called Strike 0-1: Ball 1-1: Ball 2-1: Ball 3-1: Swinging Strike 3-2: Fly out, F8 (Line Drive, 8LD, EV 96.9 MPH)
|
Bottom of the 8th over - 0 runs, 0 hits, 0 errors, 1 left on base; Los Angeles (NYP) 12 - Boise 6 |
TOP OF THE 9TH |
Los Angeles (NYP) Dodgers batting - Pitching for Boise Hawks : RHP Kevin LeRette
|
Pitching: RHP Ricardo Roman
|
|
Batting: LHB Fernão Manta
|
0-0: Ball 1-0: DOUBLE (Flyball, 78XD, EV 108.8 MPH)
|
Batting: RHB Brad Brady
|
0-0: Ball 1-0: Ball 2-0: Ball 3-0: Base on Balls
|
Batting: RHB Bob Magana
|
0-0: Called Strike 0-1: Called Strike 0-2: Foul Ball, location: 2F 0-2: Foul Ball, location: 2F 0-2: Ball 1-2: Ball 2-2: Ball 3-2: Grounds into double play, 6-4-3 (Groundball, 6, EV 86.2 MPH) Fernão Manta to third
|
Batting: SHB Josh Vaill
|
0-0: Swinging Strike 0-1: Foul Ball, location: 2F 0-2: Strikes out swinging
|
Top of the 9th over - 0 runs, 1 hit, 0 errors, 1 left on base; Los Angeles (NYP) 12 - Boise 6 |
BOTTOM OF THE 9TH |
Boise Hawks batting - Pitching for Los Angeles (NYP) Dodgers : RHP Angel Rivas
|
Pitching: RHP Jose Sandoval
|
|
Batting: SHB Chris Besselman
|
0-0: Foul Ball, location: 2F 0-1: Ball 1-1: Called Strike 1-2: Ground out 4-3 (Groundball, 34D, EV 80.0 MPH)
|
Batting: RHB Wali Mulogo
|
0-0: Foul Ball, location: 2F 0-1: Ball 1-1: Ball 2-1: Ball 3-1: Swinging Strike 3-2: SOLO HOME RUN (Flyball, 9LD, EV 95.0 MPH), Distance : 372 ft
|
Batting: LHB Jason Ryan
|
0-0: Called Strike 0-1: Called Strike 0-2: Ball 1-2: Ball 2-2: Foul Ball, location: 2F 2-2: Strikes out looking
|
Batting: RHB Ryan Ward
|
0-0: Fly out, F9 (Line Drive, 9, EV 88.1 MPH)
|
Bottom of the 9th over - 1 run, 1 hit, 0 errors, 0 left on base; Los Angeles (NYP) 12 - Boise 7 |
|